 Dungeon Crawl Stone Soup version 0.22-a0-374-g5dfd9e3 (webtiles) character file.

7257 Deathtrap2010 the Cleaver (level 10, -18/84 HPs)
             Began as a Demonspawn Fighter on Apr 27, 2018.
             Was an Elder of Okawaru.
             Killed from afar by Muffindrake's ghost (33 damage)
             ... with an orb of energy
             ... on level 12 of the Dungeon.
             The game lasted 00:32:07 (9902 turns).

Deathtrap2010 the Cleaver (Demonspawn Fighter)      Turns: 9902, Time: 00:32:08

Health: -18/84     AC: 16    Str: 26    XL:     10   Next: 88%
Magic:  14/14      EV: 10    Int: 13    God:    Okawaru [****..]
Gold:   450        SH: 12    Dex: 15    Spells: 15/15 levels left

rFire    . . .     SeeInvis +   y - +0 broad axe
rCold    + + .     Gourm    .   c - +1 shield
rNeg     . . .     Faith    .   s - +1 plate armour
rPois    .         Spirit   .   l - +3 helmet "Ashro Eji" {+Blink Str+5 Int+3}
rElec    .         Reflect  .   k - scarf {cloud immunity}
rCorr    .         Harm     .   (no gloves)
MR       .....                  g - +1 pair of boots
Stlth    ..........             (no amulet)
HPRegen  0.24/turn              q - ring of protection from cold
MPRegen  0.14/turn              x - ring of see invisible

@: corroded
A: hooves 2, repulsion field 1, agile 1, cold resistance 1, foul stench 1,
robust 1, strong 1, rot immunity, freezing cloud immunity
a: Heroism, Renounce Religion, Evoke Blink


You were on level 12 of the Dungeon.
You worshipped Okawaru.
Okawaru was greatly pleased with you.
You were not hungry.

You visited 2 branches of the dungeon, and saw 11 of its levels.

You collected 450 gold pieces.

Inventory:

Hand Weapons
 y - a +0 broad axe (weapon)
Missiles
 d - 6 silver tomahawks (quivered)
Armour
 c - a +1 shield (worn)
 g - a +1 pair of boots (worn)
 k - a scarf of cloud immunity (worn)
 l - the +3 helmet "Ashro Eji" (worn) {+Blink Str+5 Int+3}
   (You took it off Robin on level 2 of the Dungeon)

   It affects your strength (+5).
   It affects your intelligence (+3).
   It lets you blink.
 s - a +1 plate armour (worn)
Jewellery
 q - a ring of protection from cold (left hand)
 t - an uncursed amulet of harm
 x - a ring of see invisible (right hand)
Wands
 h - a wand of paralysis (13)
 j - a wand of flame (30)
 m - a wand of disintegration (2)
 v - a wand of random effects (31)
 w - a wand of iceblast (4)
Scrolls
 b - 5 scrolls of teleportation
 e - 2 scrolls of amnesia
 o - 8 scrolls of remove curse
 p - a scroll of immolation
 r - 5 scrolls of identify
Potions
 i - a potion of mutation
 n - 3 potions of brilliance
Comestibles
 f - 7 rations


   Skills:
 * Level 6.3 Fighting
 * Level 9.3 Axes
 * Level 1.6 Throwing
 * Level 5.8 Armour
 * Level 4.4 Dodging
 * Level 6.9 Shields
 - Level 3.0 Spellcasting
 * Level 4.9 Invocations
 * Level 3.6 Evocations


You had 15 spell levels left.
You didn't know any spells.

Dungeon Overview and Level Annotations

Branches:
Dungeon (9/15)             Temple (1/1) D:4            Lair (0/6) D:9
    Orc: D:9-12

Altars:
Ashenzari
Cheibriados
Dithmenos
Elyvilon
Fedhas
Gozag
Hepliaklqana
Kikubaaqudgha
Makhleb
Nemelex Xobeh
Okawaru
Qazlal
Ru
Sif Muna
Trog
Uskayaw
Vehumet
Wu Jian
Xom
Yredelemnul
Zin
The Shining One

Shops:
D:9 [?

Annotations:
D:7 Prince Ribbit
D:12 1 transporter, Muffindrake's ghost, journeyman GnCj


Innate Abilities, Weirdness & Mutations

You have hoof-like feet.
You are surrounded by a mild repulsion field. (EV +2)
Your flesh is cold resistant. (rC+)
You may emit foul miasma when damaged in melee.
You are immune to rotting.
You are immune to freezing clouds.
You are agile. (Dex +2)
You are robust. (+10% HP)
Your muscles are strong. (Str +2)


Message History

An acid dragon comes into view.
The acid dragon roars!
The acid dragon spits acid at you. The splash of acid hits you!
You are splashed with acid!
The acid burns!
The acid dragon spits acid at you. The splash of acid hits you!
The acid corrodes you!
You are splashed with acid!
The acid burns!
The acid dragon spits acid at you. The splash of acid hits you!
You are splashed with acid!
The acid burns!
* * * LOW HITPOINT WARNING * * *
Evoke which item? (* to show all) (? for menu, Esc to quit)
Aiming: Disintegrate
Press: ? - help, Shift-Dir - straight line, f - acid dragon
Aim: an acid dragon (catching its breath, chance to defeat MR: 79%)
The acid dragon is blasted.
You blow up the acid dragon!
Okawaru accepts your kill.
Muffindrake's ghost points at you and mumbles some strange words.
The orb of energy hits you!
You die...

##############
#....@....W..#
#...########.#
#.. #.# #. #.#
# #.# #W# #.#
#.# #.#


You could see Muffindrake's ghost.

Vanquished Creatures
  4 two-headed ogres
  A hippogriff (D:9)
  Sigmund (D:2)
  A yak (D:9)
  A human (D:5)
  A steam dragon (D:8)
  Edmund (D:6)
  An acid dragon (D:12)
  2 water moccasins
  5 orc warriors
  2 ice beasts
  4 black bears
  3 ogres
  A necrophage (D:8)
  A phantom (D:7)
  A centaur (D:6)
  A crocodile (D:8)
  2 bullfrogs
  A wyvern zombie (D:8)
  Blork the orc (D:6)
  5 scorpions
  5 killer bees (D:7)
  A crimson imp (D:8)
  A centaur zombie (D:8)
  3 jellies
  A hound (D:7)
  6 orc priests
  5 orc wizards
  2 bullfrog skeletons
  A centaur skeleton (D:7)
  Jessica (D:2)
  2 iguanas
  7 worker ants
  Natasha (thrice) (D:2)
  A howler monkey zombie (D:6)
  A worker ant zombie (D:8)
  Robin (D:2)
  6 gnolls
  A howler monkey skeleton (D:4)
  8 adders
  A shadow imp (D:8)
  2 oozes
  An adder skeleton (D:6)
  2 worms (D:2)
  A dart slug (D:2)
  5 leopard geckos
  23 orcs
  3 ball pythons
  6 giant cockroaches
  19 goblins
  5 hobgoblins
  13 jackals
  5 kobolds
  4 quokkas
  10 bats
  2 frilled lizards (D:1)
  2 jackal skeletons
  A jackal zombie (D:6)
  A quokka skeleton (D:7)
  9 rats
  A fungus (D:9)
212 creatures vanquished.

Vanquished Creatures (others)
  2 fungi (D:9)
2 creatures vanquished.

Grand Total: 214 creatures vanquished

Notes
Turn   | Place    | Note
-------+----------+-------------------------------------------
     0 | D:1      | Deathtrap2010 the Demonspawn Fighter began the quest for the Orb.
     0 | D:1      | Reached XP level 1. HP: 18/18 MP: 1/1
    70 | D:1      | Reached skill level 2 in Axes
    96 | D:1      | Gained mutation: You have large cloven feet. [demonic ancestry]
    96 | D:1      | Reached XP level 2. HP: 20/24 MP: 2/2
   808 | D:1      | Gained mutation: You are robust. (+10% HP) [potion of mutation]
   808 | D:1      | Gained mutation: Your muscles are strong. (Str +2) [potion of mutation]
   808 | D:1      | Gained mutation: You are agile. (Dex +2) [potion of mutation]
  1073 | D:2      | Gained mutation: You have hoof-like feet. [demonic ancestry]
  1073 | D:2      | Reached XP level 3. HP: 20/31 MP: 3/3
  1134 | D:2      | Noticed Natasha
  1143 | D:2      | Killed Natasha
  1144 | D:2      | Gained mutation: You are surrounded by a mild repulsion field. (EV +2) [demonic ancestry]
  1144 | D:2      | Reached XP level 4. HP: 24/38 MP: 3/5
  1226 | D:2      | Noticed Natasha
  1245 | D:2      | Killed Natasha
  1245 | D:2      | Reached skill level 1 in Dodging
  1245 | D:2      | Reached skill level 1 in Spellcasting
  1282 | D:2      | Noticed Natasha
  1287 | D:2      | Killed Natasha
  1287 | D:2      | Reached skill level 3 in Axes
  1579 | D:2      | Reached XP level 5. HP: 45/45 MP: 6/6
  1585 | D:2      | Noticed Robin
  1596 | D:2      | Killed Robin
  1610 | D:2      | Got a fine helmet
  1621 | D:2      | Identified the +3 helmet "Ashro Eji" {+Blink Str+5 Int+3} (You took it off Robin on level 2 of the Dungeon)
  1637 | D:2      | Noticed Jessica
  1647 | D:2      | Killed Jessica
  1903 | D:2      | Noticed Sigmund
  2269 | D:3      | Gained mutation: Your flesh is cold resistant. (rC+) [demonic ancestry]
  2269 | D:3      | Reached XP level 6. HP: 48/52 MP: 8/8
  2577 | D:3      | Found a blossoming altar of Fedhas.
  2921 | D:4      | Got a twisted cloak
  2932 | D:4      | Identified the +1 cloak of Ybuas {Int+4 Dex+2} (You found it on level 4 of the Dungeon)
  2961 | D:4      | Reached skill level 4 in Axes
  3077 | D:2      | Killed Sigmund
  3692 | D:4      | Gained mutation: You are immune to rotting. [demonic ancestry]
  3692 | D:4      | Reached XP level 7. HP: 58/58 MP: 9/9
  3739 | D:4      | Found a sacrificial altar of Ru.
  3799 | D:4      | Got a faintly glowing dagger
  3800 | D:4      | Identified the +0 dagger "Pafud" {flame, rN++ MR++} (You found it on level 4 of the Dungeon)
  3852 | D:4      | Found a staircase to the Ecumenical Temple.
  3861 | Temple   | Entered the Ecumenical Temple
  4069 | Temple   | Became a worshipper of Warmaster Okawaru
  4192 | D:4      | Reached skill level 5 in Axes
  4529 | D:5      | Entered Level 5 of the Dungeon
  4821 | D:5      | Noticed a human
  4822 | D:5      | Found a runed door.
  4826 | D:5      | Found a basalt altar of Yredelemnul.
  4914 | D:5      | Killed a human
  5390 | D:5      | Reached XP level 8. HP: 47/66 MP: 11/11
  5432 | D:6      | Reached * piety under Okawaru
  5828 | D:6      | Found a glowing silver altar of Zin.
  5833 | D:6      | Found a shattered altar of Ashenzari.
  5833 | D:6      | Noticed Blork the orc
  5841 | D:6      | Killed Blork the orc
  5844 | D:6      | Found a burning altar of Makhleb.
  5891 | D:6      | Reached skill level 6 in Axes
  5932 | D:6      | Noticed Edmund
  5952 | D:6      | Killed Edmund
  6067 | D:6      | Reached ** piety under Okawaru
  6069 | D:6      | Reached skill level 5 in Shields
  6077 | D:6      | Reached skill level 1 in Invocations
  6493 | D:6      | Gained mutation: You may emit foul miasma when damaged in melee. [demonic ancestry]
  6493 | D:6      | Reached XP level 9. HP: 43/73 MP: 13/13
  6495 | D:6      | Reached skill level 1 in Evocations
  6609 | D:6      | Reached skill level 7 in Axes
  6802 | D:7      | Reached skill level 5 in Fighting
  6861 | D:7      | Noticed Prince Ribbit
  6975 | D:7      | Reached *** piety under Okawaru
  7736 | D:7      | Reached skill level 5 in Armour
  8071 | D:8      | Noticed a two-headed ogre
  8088 | D:8      | Killed a two-headed ogre
  8088 | D:8      | Reached skill level 8 in Axes
  8429 | D:8      | Gained mutation: You are immune to freezing clouds. [demonic ancestry]
  8429 | D:8      | Reached XP level 10. HP: 50/81 MP: 14/14
  8689 | D:8      | Noticed a two-headed ogre
  8710 | D:8      | Killed a two-headed ogre
  8710 | D:8      | Reached **** piety under Okawaru
  8801 | D:8      | Received a gift from Okawaru
  9348 | D:9      | Found Olitog's Antique Armour Emporium.
  9443 | D:9      | Found a staircase to the Lair.
  9504 | D:9      | Found Nyjax's Magic Scroll Shoppe.
  9525 | D:9      | Noticed a two-headed ogre
  9534 | D:9      | Killed a two-headed ogre
  9534 | D:9      | Reached skill level 9 in Axes
  9534 | D:9      | Reached skill level 1 in Throwing
  9602 | D:9      | You fall through a shaft for 3 floors!
  9602 | D:12     | Found a transporter.
  9616 | D:12     | Noticed a two-headed ogre
  9624 | D:12     | Received a gift from Okawaru
  9626 | D:12     | Killed a two-headed ogre
  9881 | D:12     | Noticed Muffindrake's ghost (journeyman GnCj)
  9902 | D:12     | Killed from afar by Muffindrake's ghost

Vault maps used:
D:1:      minmay_arrival_four_circles
D:2:      uniq_sigmund, uniq_robin, uniq_natasha, uniq_jessica
D:3:      marbit_many_paths, corner_web_ring
D:4:      nicolae_ru_awakened_eye, minmay_temple_entry_statues
D:5:      first_ration, minmay_tree_intersection, dk_yredelemnul_ordeal
D:6:      grunt_temple_overflow_diamond, grunt_ministairs_1, uniq_blork_the_orc,
          uniq_edmund
D:7:      uniq_prince_ribbit1
D:9:      grunt_lair_entry_orc_guard_hut, serial_shops, shop_statue,
          nicolae_shop_behind_doors, shop, hangedman_fish_farm
D:12:     gammafunk_wand_slinger
Temple:   minmay_crystal_spiral_temple

Skill      XL: |  1  2  3  4  5  6  7  8  9 10 |
---------------+-------------------------------+-----
Axes           | 2 3 4 5 6 8 9 |  9.3
Armour         | 3 4 5 |  5.8
Shields        | 3 4 5 6 |  6.9
Dodging        | 1 2 3 4 |  4.4
Spellcasting   | 1 2 3 |  3.0
Fighting       | 4 5 6 |  6.3
Invocations    | 1 3 4 |  4.9
Evocations     | 2 3 |  3.6
Throwing       | 1 |  1.6

Action                   |  1- 3 |  4- 6 |  7- 9 | 10-12 || total
-------------------------+-------+-------+-------+-------++-------
Melee: War axe           |    99 |   196 |   397 |   101 ||   793
       Broad axe         |       |       |       |    19 ||    19
Throw: Tomahawk          |       |       |       |     1 ||     1
Invok: Heroism           |       |       |     1 |     1 ||     2
 Abil: Evoke Blink       |       |     1 |       |       ||     1
Evoke: Wand              |       |       |    10 |     4 ||    14
  Use: Potion            |     5 |     4 |     6 |     3 ||    18
       Scroll            |     3 |     6 |     7 |     2 ||    18
  Eat: Ration            |     1 |     2 |     5 |     1 ||     9
Armor: Scale mail        |    27 |       |       |       ||    27
       Chain mail        |    48 |   131 |    94 |       ||   273
       Plate armour      |       |       |   110 |    52 ||   162
Dodge: Dodged            |    37 |    85 |   149 |    47 ||   318
Block: Shield            |    73 |   130 |   289 |    77 ||   569

Table legend:
 A = Spawn XP
 B = Non-spawn XP
 C = Spawn XP percentage of total XP
 D = Spawn monster count
 E = Non-spawn monster count
 F = Spawn count percentage of total count
 G = Total turns spent on level
                    A         B        C        D         E        F      G
               +---------+---------+-------+---------+---------+-------+---------
         Total |       0 |   10368 |   0.0 |       0 |     211 |   0.0 |  9902
               +---------+---------+-------+---------+---------+-------+---------
           D:1 |       0 |      30 |   0.0 |       0 |      20 |   0.0 |  1060
           D:2 |       0 |     535 |   0.0 |       0 |      45 |   0.0 |  1360
           D:3 |       0 |      82 |   0.0 |       0 |      19 |   0.0 |  1023
           D:4 |       0 |     316 |   0.0 |       0 |      14 |   0.0 |   851
           D:5 |       0 |     491 |   0.0 |       0 |      11 |   0.0 |  1133
           D:6 |       0 |    1680 |   0.0 |       0 |      43 |   0.0 |  1125
           D:7 |       0 |    1249 |   0.0 |       0 |      24 |   0.0 |  1254
           D:8 |       0 |    2868 |   0.0 |       0 |      20 |   0.0 |  1196
           D:9 |       0 |    1844 |   0.0 |       0 |       8 |   0.0 |   365
          D:12 |       0 |    1273 |   0.0 |       0 |       7 |   0.0 |   300
               +---------+---------+-------+---------+---------+-------+---------
